AoeStats
← cegirke

Arabia

510173138Analyzed
1v1 RM · 3d ago on Sep 29, 2026· 69m 7s· 2 players
Game mode
Random Map
Map size
Tiny (2 player)
Population
200
Speed
Normal
Resources
Standard
Victory
Conquest
Starting age
Dark Age
Ending age
Imperial Age
RankedLock teamsTeams togetherTeam positionsShared explorationLock speedFull tech treeHidden civsTurbo modeCheats
Victory
Defeat
🇨🇦 Vikings · Canada
1111
+16
🇹🇷 Chinese · Türkiye
1114
-24
Eliteberrybush
9:50 Feudal Age
11:21 Loom
12:07 Double-Bit Axe
12:03 Horse Collar
20:14 Castle Age
19:27 Forging
20:19 Scale Barding Armor
21:19 Light Cavalry
26:28 Elite Skirmisher
27:17 Fletching
27:28 Padded Archer Armor
28:03 Iron Casting
27:50 Chain Barding Armor
31:55 Bodkin Arrow
32:15 Gold Mining
35:21 Leather Archer Armor
45:11 Imperial Age
44:52 Pikeman
47:41 Bracer
48:42 Blast Furnace
47:43 Scale Mail Armor
55:50 Capped Ram
57:23 Ballistics
58:03 Chemistry
59:48 Conscription
61:50 Bogsveigar
65:22 Elite Berserk
cegirke
0:40 Loom
9:51 Feudal Age
21:57 Castle Age
22:51 Forging
22:44 Fletching
22:53 Double-Bit Axe
23:21 Crossbowman
26:31 Gold Mining
27:31 Bodkin Arrow
27:36 Padded Archer Armor
29:14 Leather Archer Armor
33:14 Ballistics
33:09 Bow Saw
34:23 Wheelbarrow
40:07 Light Cavalry
43:05 Scale Barding Armor
44:01 Bloodlines
44:24 Chain Barding Armor
59:54 Imperial Age
68:22 Plate Barding Armor
68:23 Iron Casting
68:43 Cavalier
Connection lost

Rejoining the realm…

Still unreachable

The connection could not be restored.

Session expired

The server has moved on; the page needs a fresh start.